 Dungeon Crawl Stone Soup version 0.18-a0-1670-gb40d73e (webtiles) character file.

65830 hexophile the Unseen (level 14, -2/66 HPs)
             Began as a Spriggan Chaos Knight on Mar 28, 2016.
             Killed by divine providence
             ... invoked by an orc priest
              (9 damage)
             ... on level 2 of the Orcish Mines on Apr 1, 2016.
             The game lasted 02:02:37 (52657 turns).

hexophile the Unseen (Spriggan Chaos Knight)       Turns: 52657, Time: 02:02:38

Health: -2/66      AC:  7    Str:  9    XL:     14   Next: 77%
Magic:  0/29       EV: 28    Int: 21    God:    Xom [...*..]
Gold:   1630       SH:  0    Dex: 18    Spells: 6 memorised, 1 level left

rFire  + . .     SeeInvis +     w - +6 demon trident (elec)
rCold  . . .     Gourm    .     i - +2 robe {Archmagi}
rNeg   . . .     Faith    .     (shield currently unavailable)
rPois  .         Spirit   +     J - +2 hat {Int+3} {Int+3}
rElec  .         Dismiss  .     (no cloak)
rCorr  .         Reflect  .     (gloves unavailable)
SustAt .         Harm     .     (boots unavailable)
MR     ++...                    o - amulet of guardian spirit {Spirit}
Stlth  ++++++++..               f - +5 ring of intelligence
                                U - +5 ring of evasion

@: very quick, very resistant to hostile enchantments, extraordinarily stealthy
A: unfitting armour, hooves 1, icy blue scales 1, see invisible, dopey 1, fire
resistance 1, herbivore 3, speed 3, frail 1, high mp 1, screaming 1, slow
metabolism 2, MP-powered wands
a: Renounce Religion


You were on level 2 of the Orcish Mines.
You worshipped Xom.
You were a favourite toy of Xom.
You were not hungry.

You visited 3 branches of the dungeon, and saw 24 of its levels.
You also visited: Labyrinth and Bailey.

You collected 5145 gold pieces.
You spent 3515 gold pieces at shops.


Innate Abilities, Weirdness & Mutations

You are tiny and cannot use many weapons and most armour.
You have supernaturally acute eyesight.
You are a herbivore.
You cover ground extremely quickly.
You need consume almost no food.
You have large cloven feet.
You are partially covered in icy blue scales (AC +1).
You are dopey. (Int -2)
Your flesh is heat resistant.
You are frail (-10% HP).
You have an increased reservoir of magic (+10% MP).
You occasionally shout uncontrollably at your foes.
You expend magic power (3 MP) to strengthen your wands.

Inventory:

Hand Weapons
 e - a +0 spear of chaos
 q - the +3 hand crossbow "Serrav" {velocity, +Blink}
   (You found it on level 11 of the Dungeon)

   Any bolt fired from it inflicts extra damage.
   It lets you blink.
 w - a +6 demon trident of electrocution (weapon)
Missiles
 a - 140 bolts (quivered)
 M - 11 bolts of penetration
Armour
 i - a +2 robe of the Archmagi (worn)
 J - a +2 hat of intelligence (worn) {Int+3}
Magical Staves
 y - an uncursed staff of summoning
Jewellery
 c - an uncursed ring of ice {rC+ rF-}
 f - a +5 ring of intelligence (right hand)
 j - an uncursed ring of resist corrosion
 k - an uncursed ring of teleportation {+/*tele}
 o - an amulet of guardian spirit (around neck) {Spirit}
 z - an uncursed ring of protection from cold {rC+}
 A - an uncursed ring of sustain attributes
 C - the ring of Udocaips {rElec rF+ rC++ MP+9 Slay-4}
   (You found it in a labyrinth)

   [ring of protection from fire]

   It affects your accuracy and damage with ranged weapons and melee attacks
   (-4).
   It protects you from fire.
   It greatly protects you from cold.
   It insulates you from electricity.
   It affects your magic capacity (+9).
 H - a +3 amulet of reflection
 K - an uncursed ring of flight {+Fly}
 U - a +5 ring of evasion (left hand)
Wands
 b - a wand of digging (10/24)
 g - a wand of iceblast (2/15)
 l - a wand of iceblast (10/15)
 m - a wand of slowing (12/48)
 r - a wand of hasting (6/9)
 G - a wand of teleportation (5/9) {!V}
 N - a wand of acid (5/15)
 Q - a wand of paralysis (1/24)
 R - a wand of iceblast (2/15)
 T - a wand of digging (16/24)
Scrolls
 h - 7 scrolls of teleportation
 s - a scroll of fear
 v - 4 scrolls of remove curse
 L - 4 scrolls of enchant armour
 O - a scroll of immolation
Potions
 n - a potion of berserk rage
 p - 4 potions of might {Str+5 DMG+1d10}
 t - 8 potions of curing
 u - a potion of brilliance {Archmagi Int+5 Wiz++}
 B - 2 potions of agility {Stlth+ Dex+5 EV+5}
 D - 4 potions of lignification
 E - a potion of magic
Books
 d - a book of Summonings

   Spells                             Type                      Level
   a - Recall                         Summoning/Translocation      3
   b - Aura of Abjuration             Summoning                    5
   c - Summon Demon                   Summoning                    5
   d - Summon Forest                  Summoning/Translocation      5
   e - Summon Mana Viper              Hexes/Summoning              5
   f - Shadow Creatures               Summoning                    6
 F - a book of Conjurations

   Spells                             Type                      Level
   a - Magic Dart                     Conjuration                  1
   b - Searing Ray                    Conjuration                  2
   c - Dazzling Spray                 Conjuration/Hexes            3
   d - Fulminant Prism                Conjuration/Hexes            4
   e - Iskenderun's Mystic Blast      Conjuration                  4
   f - Iskenderun's Battlesphere      Conjuration/Charms           5
 I - a book of the Dragon

   Spells                             Type                      Level
   a - Flame Tongue                   Conjuration/Fire             1
   b - Cause Fear                     Hexes                        4
   c - Bolt of Fire                   Conjuration/Fire             6
   d - Dragon Form                    Transmutation                7
   e - Dragon's Call                  Summoning                    9
 V - Sif Muna's Volume of Enchantment and Ice
   (You found it in a labyrinth)

   Spells                             Type                      Level
   a - Ensorcelled Hibernation        Hexes/Ice                    2
   b - Ozocubu's Armour               Charms/Ice                   3
   c - Gell's Gravitas                Hexes/Translocation          3
   d - Confuse                        Hexes                        3
   e - Summon Mana Viper              Hexes/Summoning              5
 W - a book of Envenomations

   Spells                             Type                      Level
   a - Spider Form                    Transmutation/Poison         3
   b - Olgreb's Toxic Radiance        Poison                       4
   c - Alistair's Intoxication        Transmutation/Poison         5
   d - Poisonous Cloud                Conjuration/Poison/Air       6
Miscellaneous
 S - a phial of floods
 Y - a lamp of fire (inert)
Comestibles
 P - 10 royal jellies
 X - 8 fruits


You had one spell level left.
You knew the following spells:

 Your Spells              Type           Power        Failure   Level  Hunger
a - Shadow Creatures      Summ           N/A          10%         6    ######.
b - Dragon Form           Trmt           ##........   100%        7    #######
c - Aura of Abjuration    Summ           #######...   1%          5    #####..
d - Recall                Summ/Tloc      N/A          1%          3    None
e - Summon Forest         Summ/Tloc      ######....   8%          5    #####..
z - Apportation           Tloc           #####.....   1%          1    None


   Skills:
 - Level 8.9 Fighting
 - Level 6.1 Polearms
 - Level 4.2 Crossbows
 - Level 7.0 Dodging
 - Level 18.3 Stealth
 * Level 7.6 Spellcasting
 * Level 13.0 Summonings
 - Level 5.1 Translocations
 - Level 10.1 Evocations

Dungeon Overview and Level Annotations

Branches:
Dungeon (14/15)            Temple (0/1) D:7            Lair (8/8) D:11
 Shoals (0/4) Lair:3       Spider (0/4) Lair:5        Slime (0/6) Lair:6
    Orc (2/2) D:10         Vaults (0/5) D:13
    Elf: Orc:2

Altars:
Ashenzari
Elyvilon
Fedhas
Gozag
Makhleb
Okawaru
Qazlal
Ru
Sif Muna
Trog
Vehumet
Xom
Yredelemnul
The Shining One
Beogh

Shops:
D:12 }:   Orc:1 }   Orc:2 ?}}

Annotations:
D:4 exclusion: downstairs
D:5 Prince Ribbit
D:6 exclusion: downstairs
D:11 1 exclusion
Lair:6 exclusion: 2 downstairs
Orc:2 fuck you Xom

Vault maps used:
D:1:      dpeg_arrival_long_road, xom_teletrap_fun
D:2:      lemuel_doored_altar, gammafunk_temple_overflow_claw, serial_undead,
          serial_undead_a, serial_undead_a, serial_undead_c, serial_undead_e
D:3:      marbit_many_paths, first_bread
D:4:      kennysheep_little_box, gammafunk_temple_overflow_elements,
          kennysheep_generic_room_15
D:5:      lemuel_round_altar, gammafunk_temple_overflow_statue, basic_altar,
          minivault_11, patterned_corridor, uniq_sigmund, uniq_blork_the_orc,
          uniq_prince_ribbit1, uniq_grinder
D:6:      uniq_edmund
D:7:      nicolae_overflow_crystal_walls, minmay_temple_entry_overgrown,
          uniq_menkaure, uniq_pikel
D:8:      kennysheep_mini_moat
D:9:      lightli_temple_of_fire, hangedman_little_slice_of_home
D:10:     kennysheep_blocky_room, orc_0_dummy, enter_bailey_2,
          minmay_tree_intersection
D:11:     erik_lair_orcish_takeover, special_room, kennysheep_generic_room_4
D:12:     serial_shops, shop_fountains, shop, uniq_nessos, uniq_josephine
D:13:     david_vaults_2, lab_entry_generic, nicolae_ru_sacrificial_ziggurat
D:14:     serial_bayou_pond_b
Lair:1:   lemuel_centaur_altar
Lair:2:   special_room, beast_lair_carwin_6
Lair:3:   wad_woods_minihive, shoals_dummy_entry, minivault_25,
          lemuel_fruit_tree
Lair:4:   beast_lair_carwin_9, serial_bayou_shore_a
Lair:5:   erik_1, spider_nest_entry_a
Lair:6:   nicolae_slime_entry_slimehenge, minivault_27
Lair:8:   wormcave, hangedman_lair_caniforms_friends, grunt_megastairs_5,
          uniq_kirke
Orc:1:    serial_shops, shop, portal_ice_cave_entry_ice_beasts, mines2_david
Orc:2:    pubby_orc_utopia, serial_shops
Lab:      nicolae_lab_arrow, labyrinth_glass_1, nicolae_lab_big_swirl,
          lab_block, nicolae_lab_stuck, nicolae_lab_plus, nicolae_lab_dead_end,
          labyrinth_skeletal_remains, nicolae_lab_checkerboard,
          nicolae_lab_grate_2
Bailey:   bailey_axe_of_yendor_kennysheep, bailey
You       could see an orc high priest, a sun demon, an orc warrior, an orc
          priest and an orc.


Message History

Aim: an orc warrior, wielding a battleaxe and wearing a chain mail (heavily wounded)
You reach to attack!
You hit the orc warrior.
The orc warrior is heavily wounded.
The orc completely misses you.
Your orc hits the orc warrior but does no damage.
You hit the orc warrior but do no damage.
You kick the orc warrior, but do no damage.
The orc warrior is heavily wounded.
The orc completely misses you. The orc warrior completely misses you.
The orc warrior barely misses your orc. The orc priest closely misses your orc.
The orc high priest completely misses you.
Your orc barely misses the orc warrior.
Unknown command.
You puncture the orc warrior!
The orc warrior is almost dead.
Your orc dissolves into shadows!
The orc barely misses you. The orc warrior closely misses you.
The orc high priest completely misses you.
Unknown command.
You closely miss the orc priest. Your kick misses the orc priest.
The orc priest calls down the wrath of Beogh upon you.
Beogh smites you!
* * * LOW HITPOINT WARNING * * *
You lost 8 HP.
You have now: 23/66 HP.
You are too injured to fight recklessly!
Unknown command.
The orc priest calls down the wrath of Beogh upon you.
Beogh smites you!
* * * LOW MAGIC WARNING * * *
* * * LOW HITPOINT WARNING * * *
You lost 8 HP.
You have now: 15/66 HP.
The orc priest looks braver for a moment.
The orc high priest prays to Beogh.
The orc priest calls upon Beogh to heal the orc warrior.
The orc warrior is healed somewhat.
The orc high priest calls upon Beogh to heal the orc warrior.
The orc warrior is healed somewhat.
The orc priest mumbles some strange prayers to Beogh against you.
Beogh smites you!
* * * LOW MAGIC WARNING * * *
* * * LOW HITPOINT WARNING * * *
Xom thinks this is hilarious!
You lost 9 HP.
You have now: 7/66 HP.
Evoke which item? (* to show all) (? for menu, Esc to quit)
Okay, then.
The orc priest invokes the aid of Beogh against you.
Beogh smites you!
* * * LOW MAGIC WARNING * * *
You die...
Xom laughs nastily!

Action                   |  1- 3 |  4- 6 |  7- 9 | 10-12 | 13-15 || total
-------------------------+-------+-------+-------+-------+-------++-------
Melee: Spear             |   101 |   217 |   749 |   823 |       ||  1890
       Unarmed           |       |     8 |       |       |       ||     8
       Demon trident     |       |       |       |   349 |  1327 ||  1676
 Fire: Blowgun           |       |    15 |    54 |       |       ||    69
       Hand crossbow     |       |       |       |     9 |   145 ||   154
 Cast: Shadow Creatures  |       |       |       |       |    24 ||    24
 Abil: Evoke Blink       |       |       |       |       |     6 ||     6
Evoke: Wand              |       |       |    21 |    37 |    23 ||    81
       Lamp of fire      |       |       |       |       |     3 ||     3
       Phial of floods   |       |       |       |       |     3 ||     3
       Rod               |       |       |       |       |     1 ||     1
       Phantom mirror    |       |       |       |       |     1 ||     1
  Use: Scroll            |     3 |     7 |     8 |    14 |    22 ||    54
       Potion            |       |     4 |     7 |     5 |     6 ||    22
 Stab: Sleeping          |     5 |    12 |    24 |    34 |    44 ||   119
       Petrifying        |     1 |       |     1 |     3 |       ||     5
       Distracted        |     2 |     4 |     5 |     8 |    19 ||    38
       Confused          |     1 |     2 |    17 |     8 |     5 ||    33
       Invisible         |       |     7 |     4 |    11 |       ||    22
       Paralysed         |       |     1 |     5 |    13 |       ||    19
       Petrified         |       |       |       |    16 |       ||    16
       Fleeing           |       |       |       |       |     1 ||     1
  Eat: Bread ration      |       |     1 |     2 |     2 |     2 ||     7
       Royal jelly       |       |     1 |     1 |     1 |     5 ||     8
       Fruit             |       |       |       |     4 |     7 ||    11
       Pizza             |       |       |       |     1 |     1 ||     2

Notes
Turn   | Place    | Note
--------------------------------------------------------------
     0 | D:1      | hexophile the Spriggan Chaos Knight began the quest for the Orb.
     0 | D:1      | Reached XP level 1. HP: 11/11 MP: 2/2
    76 | D:1      | Found a shimmering altar of Xom.
   125 | D:1      | Reached skill level 1 in Stealth
   302 | D:1      | Reached skill level 2 in Stealth
   508 | D:1      | Reached XP level 2. HP: 16/16 MP: 3/3
   513 | D:1      | Reached skill level 3 in Stealth
   601 | D:1      | XOM: harmless Pois miscast
   734 | D:1      | XOM: divination: detect creatures
  1018 | D:1      | XOM: scenery: 2 doors close
  1154 | D:1      | XOM: scenery: 2 doors open
  1535 | D:1      | XOM: harmless Necr miscast
  1575 | D:1      | XOM is BORED!
  1575 | D:1      | XOM: harmless Divn miscast
  1631 | D:1      | XOM: silly message
  1835 | D:1      | XOM: give mutations
  1835 | D:1      | Gained mutation: You are dopey. (Int -2) [Xom's mischief]
  2033 | D:1      | XOM: colour smoke trail
  2303 | D:1      | XOM: noise
  2318 | D:1      | XOM: harmless Hex miscast
  2534 | D:1      | XOM: harmless Air miscast
  2734 | D:1      | Reached skill level 4 in Stealth
  2773 | D:1      | XOM is BORED!
  2773 | D:1      | XOM: summons 5 hostile shadow creatures
  2797 | D:2      | Reached XP level 3. HP: 19/19 MP: 4/4
  2797 | D:2      | XOM: give mutations
  2797 | D:2      | Gained mutation: You are clumsy. (Dex -2) [Xom's mischief]
  2797 | D:2      | Gained mutation: You occasionally shout uncontrollably at your foes. [Xom's mischief]
  2797 | D:2      | Lost mutation: You are clumsy. (Dex -2) [Xom's mischief]
  2797 | D:2      | Gained mutation: You have a pair of small horns on your head. [Xom's mischief]
  2852 | D:2      | Reached skill level 5 in Stealth
  2942 | D:2      | XOM: colour smoke trail
  2963 | D:2      | Found an opulent altar of Gozag.
  3318 | D:2      | Reached XP level 4. HP: 23/23 MP: 5/5
  3343 | D:2      | Found a shimmering altar of Xom.
  3343 | D:2      | Found a stormy altar of Qazlal.
  3344 | D:2      | Found a sacrificial altar of Ru.
  3735 | D:2      | XOM: severe Conj miscast
  3912 | D:2      | XOM: give mutations
  3912 | D:2      | Lost mutation: You occasionally shout uncontrollably at your foes. [Xom's mischief]
  3912 | D:2      | Lost mutation: You have a pair of small horns on your head. [Xom's mischief]
  3912 | D:2      | Gained mutation: You have large cloven feet. [Xom's mischief]
  4281 | D:2      | XOM: mild Divn miscast
  5030 | D:1      | Reached skill level 6 in Stealth
  5063 | D:1      | Found a shimmering altar of Xom.
  5183 | D:1      | XOM: 9-stop teleportation journey
  5213 | D:1      | XOM: noise
  5345 | D:1      | XOM: harmless Chrm miscast
  5513 | D:1      | XOM: mild Hex miscast
  5524 | D:1      | XOM: colour smoke trail
  5636 | D:3      | XOM: cast spell 'Spider Form'
  5656 | D:3      | XOM: potion effect (invisibility)
  5912 | D:3      | XOM: harmless Summ miscast
  6120 | D:3      | XOM: harmless Hex miscast
  6147 | D:3      | XOM: noise
  6197 | D:3      | XOM: mild Conj miscast
  6604 | D:3      | XOM: noise
  6695 | D:3      | Reached skill level 7 in Stealth
  6786 | D:3      | Reached XP level 5. HP: 9/27 MP: 6/6
  6803 | D:2      | XOM: colour smoke trail
  7053 | D:2      | Found an opulent altar of Gozag.
  7171 | D:2      | XOM: colour smoke trail
  7510 | D:2      | Found a sacrificial altar of Ru.
  7510 | D:2      | Found a shimmering altar of Xom.
  7510 | D:2      | Found a stormy altar of Qazlal.
  7645 | D:3      | XOM: confuse monster(s)
  7648 | D:3      | Reached skill level 8 in Stealth
  7750 | D:3      | Found a burning altar of Makhleb.
  7808 | D:3      | XOM: polymorph orc priest -> giant frog
  7823 | D:3      | XOM: confuse monster(s)
  7830 | D:3      | XOM: confuse monster(s)
  7847 | D:3      | XOM: cast spell 'Hydra Form'
  7850 | D:3      | HP: 1/35 [orc wizard/dagger (3)]
  7853 | D:3      | XOM: butterfly on damage
  7855 | D:3      | Reached skill level 9 in Stealth
  7856 | D:3      | Reached XP level 6. HP: 11/32 MP: 7/7
  8126 | D:3      | XOM: blink monster(s)
  8128 | D:3      | XOM: potion effect (invisibility)
  8288 | D:3      | XOM: god gift: glowing helmet {god gift}
  8324 | D:3      | XOM: confusion (+ monsters)
  8517 | D:3      | XOM: 1-stop teleportation journey
  8526 | D:3      | Found a burning altar of Makhleb.
  8607 | D:3      | XOM: colour smoke trail
  8734 | D:3      | XOM: mild Fire miscast
  8794 | D:3      | XOM: 8-stop teleportation journey
  9041 | D:4      | Reached skill level 10 in Stealth
  9263 | D:4      | Found a deep blue altar of Sif Muna.
  9348 | D:4      | XOM: enchant monster (bad)
  9355 | D:4      | XOM: noise
  9362 | D:4      | XOM: enchant monster (bad)
  9391 | D:4      | XOM: cast spell 'Necromutation'
  9398 | D:4      | XOM: harmless Divn miscast
  9411 | D:4      | XOM: divination: magic mapping
  9426 | D:4      | Reached skill level 11 in Stealth
  9451 | D:4      | Reached XP level 7. HP: 29/35 MP: 5/8
 10061 | D:4      | XOM: confuse monster(s)
 10397 | D:4      | Found a basalt altar of Yredelemnul.
 10397 | D:4      | Found a blossoming altar of Fedhas.
 10598 | D:1      | XOM: harmless Summ miscast
 10670 | D:1      | Found a shimmering altar of Xom.
 10867 | D:1      | XOM: harmless Conj miscast
 11166 | D:2      | XOM: cast spell 'Ice Form'
 11172 | D:2      | Found an opulent altar of Gozag.
 11443 | D:2      | Found a shimmering altar of Xom.
 11443 | D:2      | Found a stormy altar of Qazlal.
 11443 | D:2      | Found a sacrificial altar of Ru.
 11738 | D:3      | XOM: harmless Hex miscast
 11793 | D:3      | XOM: harmless Summ miscast
 11887 | D:3      | XOM: god gift: runed robe {god gift}
 12694 | D:3      | XOM: 3-stop teleportation journey
 12740 | D:3      | XOM: scenery: 2 doors close
 13225 | D:3      | Reached skill level 12 in Stealth
 13261 | D:3      | XOM: divination: detect creatures
 13287 | D:3      | XOM: cast spell 'Dragon Form'
 13315 | D:3      | XOM: god gift: war axe {god gift}
 13419 | D:3      | XOM: scenery: 1 doors close
 13806 | D:3      | XOM: scenery: 1 doors open
 13818 | D:3      | XOM: 2-stop teleportation journey
 13988 | D:3      | XOM: give mutations
 13988 | D:3      | Gained mutation: Your flesh is cold resistant. [Xom's grace]
 13988 | D:3      | Gained mutation: You possess an exceptional clarity of mind. [Xom's grace]
 13988 | D:3      | Gained mutation: Your flesh is very cold resistant. [Xom's grace]
 13988 | D:3      | Gained mutation: You have a pair of small antennae on your head. [Xom's grace]
 14117 | D:3      | XOM: god gift: 1560 gold pieces
 14357 | D:5      | Entered Level 5 of the Dungeon
 14365 | D:5      | Found a basalt altar of Yredelemnul.
 14408 | D:5      | Found a white marble altar of Elyvilon.
 14431 | D:5      | Noticed Blork the orc
 14463 | D:5      | XOM: stat loss: -1 Str (7/8)
 14483 | D:5      | Noticed Prince Ribbit
 14512 | D:5      | XOM: butterfly on damage
 14527 | D:5      | XOM: enchant monster (bad)
 14646 | D:5      | Reached skill level 1 in Spellcasting
 14727 | D:5      | Reached skill level 2 in Spellcasting
 14794 | D:5      | Noticed Grinder
 14805 | D:5      | XOM: colour smoke trail
 14887 | D:6      | Noticed Edmund
 14911 | D:6      | XOM: potion effect (berserk rage)
 14919 | D:6      | XOM: potion effect (magic)
 14920 | D:6      | Killed Edmund
 14920 | D:6      | Reached skill level 3 in Spellcasting
 15256 | D:6      | Reached XP level 8. HP: 39/39 MP: 14/14
 15271 | D:6      | Reached skill level 4 in Spellcasting
 15318 | D:6      | Reached skill level 13 in Stealth
 15709 | D:6      | Reached skill level 5 in Spellcasting
 15753 | D:7      | Noticed Pikel
 15977 | D:6      | XOM: harmless Air miscast
 15996 | D:6      | XOM: divination: detect creatures
 16080 | D:7      | Lost mutation: You are dopey. (Int -2) [potion of mutation]
 16080 | D:7      | Gained mutation: You are resistant to electric shocks. [potion of mutation]
 16080 | D:7      | Gained mutation: Your body sometimes deteriorates upon taking damage. [potion of mutation]
 16082 | D:7      | Lost mutation: You possess an exceptional clarity of mind. [potion of mutation]
 16082 | D:7      | Lost mutation: You are resistant to electric shocks. [potion of mutation]
 16082 | D:7      | Gained mutation: You have hoof-like feet. [potion of mutation]
 16084 | D:7      | Noticed Menkaure
 16136 | D:7      | XOM: potion effect (haste)
 16137 | D:7      | XOM: enchant monster (bad)
 16139 | D:7      | XOM: enchant monster (bad)
 16155 | D:7      | XOM: potion effect (agility)
 16171 | D:7      | Noticed a komodo dragon
 16171 | D:7      | a hippogriff changed into a komodo dragon
 16178 | D:7      | XOM: enchant monster (bad)
 16202 | D:7      | XOM: confusion
 16209 | D:7      | XOM: silly message
 16225 | D:7      | XOM: potion effect (brilliance)
 16292 | D:6      | Killed a komodo dragon
 16292 | D:6      | Reached skill level 6 in Spellcasting
 16323 | D:6      | XOM: vitrification
 16341 | D:6      | Reached skill level 14 in Stealth
 16457 | D:6      | XOM: polymorph wasp -> jelly
 16517 | D:6      | XOM: polymorph ice beast -> hell hound
 16536 | D:6      | XOM: summons 2 friendly demons
 16592 | D:6      | XOM: harmless Hex miscast
 16814 | D:7      | XOM: polymorph howler monkey -> wasp
 16900 | D:5      | XOM: blink monster(s)
 16916 | D:5      | XOM: chaos upgrade
 17069 | D:4      | Reached skill level 7 in Spellcasting
 17367 | D:5      | XOM: mild Necr miscast
 17387 | D:5      | XOM: destruction
 17402 | D:5      | Killed Blork the orc
 17402 | D:5      | Reached XP level 9. HP: 28/43 MP: 14/20
 17524 | D:5      | XOM: cast spell 'Discord'
 17789 | D:5      | XOM: divination: detect creatures
 17831 | D:5      | Found a glowing golden altar of the Shining One.
 17831 | D:5      | Found an iron altar of Okawaru.
 17904 | D:5      | Noticed Sigmund
 17904 | D:5      | XOM: divination: magic mapping
 17931 | D:5      | Killed Sigmund
 17931 | D:5      | Reached skill level 3 in Polearms
 18205 | D:5      | XOM: cast spell 'Summon Small Mammal'
 18209 | D:5      | XOM: summons 2 friendly demons
 18213 | D:5      | Killed Grinder
 18213 | D:5      | Reached skill level 15 in Stealth
 18239 | D:5      | XOM: summons friendly crimson imp
 18247 | D:5      | Noticed Prince Ribbit
 18247 | D:5      | Prince Ribbit changed into Prince Ribbit the naga
 18250 | D:5      | Noticed Prince Ribbit
 18250 | D:5      | Prince Ribbit the naga changed into Prince Ribbit the boggart
 18253 | D:5      | Noticed Prince Ribbit
 18253 | D:5      | Prince Ribbit the boggart changed into Prince Ribbit the swamp drake
 18257 | D:5      | Noticed Prince Ribbit
 18257 | D:5      | Prince Ribbit the swamp drake changed into Prince Ribbit the ice beast
 18258 | D:5      | Noticed Prince Ribbit
 18258 | D:5      | Prince Ribbit the ice beast changed into Prince Ribbit the two-headed ogre
 18259 | D:5      | Noticed Prince Ribbit
 18259 | D:5      | Prince Ribbit the two-headed ogre changed into Prince Ribbit the soldier ant
 18266 | D:5      | Noticed Prince Ribbit
 18266 | D:5      | Prince Ribbit the soldier ant changed into Prince Ribbit the ice beast
 18267 | D:5      | Noticed Prince Ribbit
 18267 | D:5      | Prince Ribbit the ice beast changed into Prince Ribbit the giant frog
 19006 | D:6      | XOM: god gift: 40 gold pieces
 19395 | D:6      | XOM: polymorph orc -> river rat
 19412 | D:6      | XOM: potion effect (berserk rage)
 19417 | D:6      | Killed Menkaure
 19417 | D:6      | Reached skill level 4 in Polearms
 19543 | D:7      | XOM: silly message
 19866 | D:7      | Noticed a rime drake
 19866 | D:7      | a sky beast changed into a rime drake
 19866 | D:7      | XOM: polymorph sky beast -> rime drake
 19876 | D:7      | XOM: confusion (+ monsters)
 19892 | D:7      | XOM: enchant monster (bad)
 19910 | D:7      | XOM: summons friendly ufetubus
 19913 | D:7      | Killed a rime drake
 19913 | D:7      | Reached skill level 4 in Dodging
 19913 | D:7      | Reached skill level 16 in Stealth
 20255 | D:7      | Found a radiant altar of Vehumet.
 20272 | D:7      | XOM: mild Erth miscast
 20297 | D:7      | Reached skill level 5 in Dodging
 20383 | D:7      | XOM: colour smoke trail
 20395 | D:7      | XOM: medium Ice miscast
 20396 | D:7      | XOM: enchant monster (good)
 20402 | D:7      | XOM: confuse monster(s)
 20413 | D:7      | XOM: smoke on damage
 20415 | D:7      | XOM: mild Hex miscast
 20420 | D:7      | XOM: severe Fire miscast
 20432 | D:7      | Killed Pikel
 20432 | D:7      | Reached XP level 10. HP: 18/47 MP: 10/21
 20653 | D:7      | XOM: noise
 20758 | D:7      | Found a staircase to the Ecumenical Temple.
 20923 | D:7      | XOM: confusion
 20924 | D:7      | XOM: enchant monster (good)
 21171 | D:8      | XOM: god gift: fuming amethyst potion
 21174 | D:8      | Reached skill level 8 in Fighting
 21174 | D:8      | Reached XP level 11. HP: 49/60 MP: 22/22
 21287 | D:8      | Reached skill level 6 in Dodging
 21358 | D:8      | Identified a scroll of acquirement
 21427 | D:8      | XOM: medium Trmt miscast
 21507 | D:8      | Found a shattered altar of Ashenzari.
 21516 | D:8      | XOM: fake destruction
 21527 | D:8      | Reached skill level 5 in Polearms
 21623 | D:8      | XOM: scenery: 1 doors open, 3 doors close
 21708 | D:8      | XOM: confuse monster(s)
 21960 | D:8      | XOM: harmless Pois miscast
 22057 | D:9      | XOM: swap monsters
 22060 | D:9      | Noticed a hill giant
 22120 | D:9      | Killed a hill giant
 22431 | D:1      | XOM: scenery: 1 doors close
 22628 | D:1      | XOM: harmless Erth miscast
 23417 | D:1      | XOM: god gift: 34 gold pieces
 23547 | D:1      | XOM: mild Pois miscast
 23603 | D:1      | XOM: noise
 23818 | D:1      | XOM: mild Tloc miscast
 23888 | D:1      | XOM: scenery: create altars
 24196 | D:1      | Reached skill level 7 in Dodging
 24214 | D:1      | XOM: god gift: 1440 gold pieces
 24313 | D:1      | XOM: vitrification
 24587 | D:1      | XOM: repel stairs
 24789 | D:1      | XOM: vitrification
 24947 | D:1      | XOM: draining
 25130 | D:1      | Noticed an orc knight
 25176 | D:1      | XOM: god gift: glowing hat {god gift}
 25180 | D:1      | XOM: polymorph warg -> tengu
 25182 | D:1      | XOM: fog
 25267 | D:1      | XOM: potion effect (brilliance)
 25282 | D:1      | XOM: cast spell 'Shadow Creatures'
 25499 | D:1      | an orc knight changed into a manticore
 25499 | D:1      | XOM: polymorph orc knight -> manticore
 25501 | D:1      | Noticed a giant orange brain
 25501 | D:1      | an eye of devastation changed into a giant orange brain
 25503 | D:1      | Noticed an anubis guard
 25503 | D:1      | a giant orange brain changed into an anubis guard
 25510 | D:1      | an anubis guard changed into a moth of wrath
 25521 | D:1      | XOM: potion effect (invisibility)
 25522 | D:1      | XOM: summons friendly crimson imp
 25545 | D:1      | Reached skill level 17 in Stealth
 26173 | D:1      | XOM: colour smoke trail
 26540 | D:1      | XOM: medium Hex miscast
 26979 | D:1      | XOM: harmless Summ miscast
 27406 | D:1      | XOM is BORED!
 27406 | D:1      | XOM: noise
 27935 | D:1      | Noticed a centaur warrior
 27947 | D:1      | XOM: harmless Tloc miscast
 28542 | D:2      | XOM: torment (38/60 hp)
 29161 | D:2      | XOM is BORED!
 29161 | D:2      | XOM: medium Fire miscast
 29258 | D:5      | XOM: summons 2 hostile demons
 29326 | D:9      | XOM: snakes to sticks
 29331 | D:9      | XOM: fake destruction
 29363 | D:9      | XOM: summons 11 friendly demons
 29378 | D:9      | Found a bloodstained altar of Trog.
 29506 | D:10     | Entered Level 10 of the Dungeon
 29507 | D:10     | XOM: fog
 29540 | D:9      | XOM: confusion (+ monsters)
 29545 | D:9      | XOM: enchant monster (bad)
 29547 | D:9      | XOM: summons 11 friendly demons
 29557 | D:9      | XOM: 7-stop teleportation journey
 29658 | D:9      | XOM: summons friendly ufetubus
 29940 | D:10     | Reached skill level 6 in Polearms
 30164 | D:10     | XOM: give mutations
 30164 | D:10     | Gained mutation: You are clumsy. (Dex -2) [Xom's mischief]
 30164 | D:10     | Lost mutation: You have a pair of small antennae on your head. [Xom's mischief]
 30164 | D:10     | Gained mutation: You are somewhat resistant to further mutation. [Xom's mischief]
 30223 | D:10     | XOM: 2-stop teleportation journey
 30279 | D:10     | Found a staircase to the Orcish Mines.
 30290 | Orc:1    | Entered Level 1 of the Orcish Mines
 30439 | D:10     | Found a flagged portal.
 30452 | Bailey   | Entered a bailey
 30517 | Bailey   | Found an iron altar of Okawaru.
 30517 | Bailey   | Noticed an orc high priest
 30529 | Bailey   | XOM: chaos upgrade
 30540 | Bailey   | Noticed a soul eater
 30550 | Bailey   | XOM: blink monster(s)
 30551 | Bailey   | XOM: give mutations
 30551 | Bailey   | Lost mutation: You are clumsy. (Dex -2) [Xom's mischief]
 30551 | Bailey   | Lost mutation: Your body sometimes deteriorates upon taking damage. [Xom's mischief]
 30555 | Bailey   | XOM: potion effect (magic)
 30585 | D:11     | Got a brightly glowing hand crossbow
 30586 | D:11     | Identified the +3 hand crossbow "Serrav" {velocity, +Blink} (You found it on level 11 of the Dungeon)
 30819 | D:11     | Reached skill level 1 in Crossbows
 30852 | D:11     | Found a staircase to the Lair.
 30969 | D:11     | XOM: cast spell 'Spider Form'
 30994 | D:11     | XOM: noise
 30995 | D:11     | XOM: divination: magic mapping
 31010 | D:11     | XOM: cast spell 'Summon Small Mammal'
 31024 | D:11     | Reached skill level 2 in Crossbows
 31131 | D:11     | XOM: potion effect (berserk rage)
 31201 | D:11     | Noticed a hill giant
 31245 | D:11     | XOM: harmless Necr miscast
 31264 | D:11     | XOM: potion effect (berserk rage)
 31270 | D:11     | Killed a hill giant
 31386 | D:11     | Noticed a red ugly thing
 31395 | D:11     | XOM: potion effect (invisibility)
 31418 | D:11     | XOM: harmless Pois miscast
 31429 | D:11     | Killed a red ugly thing
 31429 | D:11     | Reached skill level 3 in Crossbows
 31429 | D:11     | Reached skill level 18 in Stealth
 31501 | D:12     | Noticed an unseen horror
 31501 | D:12     | a hippogriff changed into an unseen horror
 31504 | D:12     | XOM: god gift: 17 bolts of penetration
 31510 | D:12     | an unseen horror changed into a shapeshifter
 31510 | D:12     | Noticed a lindwurm
 31510 | D:12     | a shapeshifter changed into a lindwurm
 31511 | D:12     | XOM: divine lightning (protected)
 31513 | D:12     | Killed a lindwurm
 31594 | D:12     | XOM: give mutations
 31594 | D:12     | Gained mutation: You expend magic power (3 MP) to strengthen your wands. [Xom's mischief]
 31594 | D:12     | Lost mutation: You are somewhat resistant to further mutation. [Xom's mischief]
 31992 | D:12     | XOM: cast spell 'Necromutation'
 32036 | D:12     | Noticed Nessos
 32083 | D:12     | XOM: vitrification
 32100 | D:12     | Found Mecu's Gadget Shop.
 32137 | D:12     | XOM: enchant monster (bad)
 32138 | D:12     | XOM: confuse monster(s)
 32142 | D:12     | Killed Nessos
 32142 | D:12     | Reached skill level 4 in Crossbows
 32170 | D:12     | Bought a +0 rod of clouds (14/14) for 1045 gold pieces
 32170 | D:12     | Bought a wand of digging (18/24) for 484 gold pieces
 32170 | D:12     | Bought a wand of paralysis (11/24) for 143 gold pieces
 32170 | D:12     | Bought a wand of iceblast (5/15) for 99 gold pieces
 32170 | D:12     | Bought a phial of floods for 440 gold pieces
 32196 | D:12     | Reached skill level 1 in Evocations
 32295 | D:12     | Found Adiduv's Book Boutique.
 32303 | D:12     | Bought a book of Summonings for 1050 gold pieces
 32310 | D:12     | Learned a level 6 spell: Shadow Creatures
 32318 | D:12     | Learned a level 7 spell: Dragon Form
 32324 | D:12     | Learned a level 5 spell: Aura of Abjuration
 32328 | D:12     | Learned a level 3 spell: Recall
 32367 | D:12     | Reached XP level 12. HP: 57/65 MP: 20/23
 32383 | D:12     | Reached skill level 2 in Evocations
 32430 | D:12     | XOM: enchant monster (good)
 32432 | D:12     | Reached skill level 3 in Evocations
 32542 | D:12     | Got a heavily runed buckler
 32555 | D:12     | Identified the +4 buckler of Brilliance {-Tele rElec rN+ Int+8} (You found it on level 12 of the Dungeon)
 32576 | D:12     | Noticed Josephine
 32613 | D:12     | XOM: cast spell 'Death Channel'
 32628 | D:12     | XOM: summons 6 hostile demons
 32644 | D:12     | XOM: cast spell 'Shadow Creatures'
 32684 | D:12     | Reached skill level 4 in Evocations
 32723 | D:12     | XOM: 1-stop teleportation journey
 32735 | D:12     | Killed Josephine
 32735 | D:12     | Reached skill level 5 in Evocations
 32878 | D:12     | XOM: divination: magic mapping
 32931 | D:12     | XOM: give mutation
 32931 | D:12     | Lost mutation: You have hoof-like feet. [Xom's mischief]
 33135 | D:12     | Noticed an alligator
 33135 | D:12     | a purple ugly thing changed into an alligator
 33135 | D:12     | XOM: polymorph purple ugly thing -> alligator
 33140 | D:12     | XOM: harmless Pois miscast
 33157 | D:12     | XOM: noise
 33168 | D:12     | XOM: confuse monster(s)
 33178 | D:12     | XOM: cast spell 'Ice Form'
 33415 | D:12     | Reached skill level 6 in Evocations
 33616 | D:13     | Found a sacrificial altar of Ru.
 33678 | D:13     | Noticed a tengu warrior
 33727 | D:13     | XOM: noise
 33805 | D:13     | Found a labyrinth entrance.
 33811 | D:13     | Noticed a centaur warrior
 33812 | D:13     | XOM: divination: detect items
 33815 | Lab      | Entered a labyrinth
 33844 | Lab      | XOM: silly message
 33935 | Lab      | Noticed a minotaur
 33956 | Lab      | XOM: potion effect (might)
 33964 | Lab      | Killed a minotaur
 33964 | Lab      | Reached skill level 7 in Evocations
 33977 | Lab      | XOM: 4-stop teleportation journey
 34030 | Lab      | XOM: enchant monster (good)
 34077 | Lab      | Reached skill level 8 in Evocations
 34116 | Lab      | XOM: god gift: 5 gold pieces
 34141 | Lab      | XOM: 5-stop teleportation journey
 34270 | Lab      | Got a brightly glowing iron ring
 34270 | Lab      | Got a crude granite ring
 34270 | Lab      | Identified Sif Muna's Volume of Enchantment and Ice
 34272 | Lab      | Identified the ring of Udocaips {rElec rF+ rC++ MP+9 Slay-4} (You found it in a labyrinth)
 34273 | Lab      | Identified the ring "Opur" {Ice rN+} (You found it in a labyrinth)
 34282 | D:13     | XOM: enchant monster (bad)
 34303 | D:13     | XOM: potion effect (haste)
 34327 | D:13     | Killed a centaur warrior
 34327 | D:13     | Reached skill level 9 in Evocations
 34617 | D:13     | XOM: polymorph crimson imp -> quasit
 34629 | D:13     | XOM: summons 2 friendly demons
 34729 | D:13     | Noticed an ogre mage
 34757 | D:13     | Found a gate to the Vaults.
 34875 | D:14     | Noticed an eight-headed hydra
 34885 | D:14     | XOM: god gift: 63 gold pieces
 34902 | D:13     | XOM: summons friendly orange demon
 34906 | D:13     | Killed an eight-headed hydra
 34906 | D:13     | Reached skill level 10 in Evocations
 34947 | D:14     | Reached skill level 1 in Summonings
 35080 | D:14     | XOM: harmless Ice miscast
 35278 | D:14     | XOM: enchant monster (good)
 35290 | D:14     | XOM: enchant monster (bad)
 35294 | D:14     | Reached skill level 2 in Summonings
 35295 | D:14     | XOM: summons friendly iron imp
 35465 | D:13     | XOM is BORED!
 35465 | D:13     | XOM: give mutations
 35465 | D:13     | Gained mutation: You are clumsy. (Dex -2) [Xom's mischief]
 35465 | D:13     | Gained mutation: Armour fits poorly on your strangely shaped body. [Xom's mischief]
 35526 | D:13     | XOM: cast spell 'Summon Dragon'
 35548 | D:13     | Killed a tengu warrior
 35548 | D:13     | Reached skill level 3 in Summonings
 35562 | D:13     | Killed an ogre mage
 35563 | D:13     | Reached skill level 4 in Summonings
 36088 | Lair:1   | Entered Level 1 of the Lair of Beasts
 36116 | Lair:1   | Gained mutation: Your spells are a little harder to cast, but a little more powerful. [potion of beneficial mutation]
 36156 | Lair:1   | Reached skill level 5 in Summonings
 36191 | Lair:1   | XOM: destruction
 36193 | Lair:1   | XOM: vitrification
 36268 | Lair:1   | XOM: vitrification
 36317 | Lair:1   | Learned a level 1 spell: Apportation
 36369 | Lair:1   | XOM: summons friendly shadow imp
 36372 | Lair:1   | XOM: fog
 36375 | Lair:1   | XOM: summons friendly orange demon
 36411 | Lair:1   | Reached XP level 13. HP: 28/70 MP: 12/24
 36695 | Lair:1   | Found a stormy altar of Qazlal.
 36701 | Lair:1   | XOM: fog
 36871 | Lair:1   | XOM: 2-stop teleportation journey
 36875 | Lair:1   | Reached skill level 6 in Summonings
 37269 | Lair:1   | XOM: god gift: meat ration
 37523 | Lair:2   | XOM: god gift: 19 gold pieces
 37560 | Lair:2   | XOM: cast spell 'Leda's Liquefaction'
 37630 | Lair:2   | XOM: silly message
 37944 | Lair:2   | XOM: destruction
 38028 | Lair:2   | XOM: god gift: 25 gold pieces
 38089 | Lair:2   | Reached skill level 7 in Summonings
 38097 | Lair:2   | XOM: harmless Tloc miscast
 38100 | Lair:2   | XOM: summons 7 friendly demons
 38195 | Lair:3   | XOM: vitrification
 38351 | Lair:3   | XOM: god gift: 8 bolts of penetration
 38406 | Lair:3   | XOM: cast spell 'Statue Form'
 38524 | Lair:3   | Found a staircase to the Shoals.
 38761 | Lair:3   | XOM: fake destruction
 39134 | Lair:3   | XOM: god gift: phantom mirror
 39622 | Lair:4   | XOM: mild Summ miscast
 39717 | Lair:4   | XOM: fog
 39726 | Lair:4   | XOM: god gift: 49 gold pieces
 39728 | Lair:4   | Reached skill level 8 in Summonings
 39801 | Lair:4   | XOM: medium Necr miscast
 39876 | Lair:4   | XOM: divination: detect items
 40113 | Lair:4   | XOM: fog
 40703 | Lair:4   | XOM: swap monsters
 40712 | Lair:4   | XOM: summons 2 friendly demons
 40725 | Lair:4   | XOM: confusion (+ monsters)
 40735 | Lair:4   | XOM: repel stairs
 40747 | Lair:4   | XOM: enchant monster (good)
 40813 | Lair:4   | XOM: cast spell 'Call Canine Familiar'
 40819 | Lair:4   | Reached skill level 9 in Summonings
 40980 | Lair:5   | Found a hole to the Spider Nest.
 41410 | Lair:4   | XOM: 6-stop teleportation journey
 41623 | Lair:5   | Upgraded the game from 0.18-a0-1643-gb89d9db to 0.18-a0-1649-g8d9735b
 41635 | Lair:5   | XOM: mild Air miscast
 41728 | Lair:5   | XOM: smoke on damage
 42255 | Lair:5   | XOM: divination: detect creatures
 42264 | Lair:5   | XOM: 2-stop teleportation journey
 42350 | Lair:5   | XOM: divine lightning (protected)
 42353 | Lair:5   | XOM: fake destruction
 42382 | Lair:5   | XOM: cast spell 'Summon Butterflies'
 42449 | Lair:5   | Reached skill level 10 in Summonings
 42672 | Lair:5   | XOM: enchant monster (good)
 42730 | Lair:5   | XOM: enchant monster (bad)
 43150 | Lair:5   | XOM: confuse monster(s)
 43153 | Lair:5   | XOM: blink monster(s)
 43493 | Lair:6   | XOM: divination: detect items
 43524 | Lair:6   | XOM: summons friendly crimson imp
 43526 | Lair:6   | XOM: confusion (+ monsters)
 43529 | Lair:6   | XOM: divination: detect creatures
 43540 | Lair:6   | XOM: noise
 43547 | Lair:6   | XOM: polymorph death yak -> six-headed hydra
 43549 | Lair:6   | XOM: summons 2 friendly demons
 43589 | Lair:6   | Found a staircase to the Slime Pits.
 43629 | Lair:6   | XOM: potion effect (magic)
 43633 | Lair:6   | XOM: fog
 43789 | Lair:6   | XOM: destruction
 44128 | Lair:6   | XOM: destruction
 44135 | Lair:6   | Reached XP level 14. HP: 74/74 MP: 10/25
 44143 | Lair:6   | XOM: 3-stop teleportation journey
 44278 | Lair:6   | XOM: give mutation
 44278 | Lair:6   | Gained mutation: Your mind is acute. (Int +2) [Xom's grace]
 44390 | Lair:6   | Reached skill level 11 in Summonings
 44399 | Lair:6   | XOM: divination: detect creatures
 44414 | Lair:6   | XOM: cast spell 'Summon Ice Beast'
 44437 | Lair:6   | XOM: confuse monster(s)
 44701 | Lair:6   | XOM: harmless Air miscast
 44712 | Lair:6   | XOM: divination: detect creatures
 44737 | Lair:7   | XOM: harmless Air miscast
 44745 | Lair:7   | XOM: confuse monster(s)
 44762 | Lair:7   | XOM: mild Air miscast
 44766 | Lair:7   | XOM: enchant monster (good)
 44821 | Lair:7   | XOM: summons friendly shadow imp
 44822 | Lair:7   | XOM: harmless Hex miscast
 44874 | Lair:7   | XOM: confuse monster(s)
 44901 | Lair:7   | Learned a level 5 spell: Summon Forest
 44941 | Lair:7   | XOM: stat loss: -1 Str (8/9)
 45038 | Lair:7   | XOM: noise
 45284 | Lair:7   | XOM: enchant monster (bad)
 45304 | Lair:7   | XOM: harmless Pois miscast
 45306 | Lair:8   | Entered Level 8 of the Lair of Beasts
 45347 | Lair:8   | Found a runed door.
 45435 | Lair:8   | XOM: cast spell 'Summon Small Mammal'
 45456 | Lair:8   | XOM: god gift: 15 stones
 45479 | Lair:7   | XOM: confuse monster(s)
 45561 | Lair:6   | XOM: give mutations
 45561 | Lair:6   | Lost mutation: Your mind is acute. (Int +2) [Xom's mischief]
 45561 | Lair:6   | Gained mutation: Your body sometimes deteriorates upon taking damage. [Xom's mischief]
 45561 | Lair:6   | Lost mutation: You are clumsy. (Dex -2) [Xom's mischief]
 45811 | Lair:7   | XOM: 7-stop teleportation journey
 45815 | Lair:7   | XOM: confuse monster(s)
 45957 | Lair:4   | XOM is BORED!
 45957 | Lair:4   | XOM: noise
 45979 | Lair:4   | Reached skill level 1 in Translocations
 45998 | Lair:4   | XOM: chaos cloud
 46136 | Lair:4   | XOM: give mutation
 46136 | Lair:4   | Lost mutation: Your spells are a little harder to cast, but a little more powerful. [Xom's mischief]
 46337 | Lair:2   | XOM: confusion (+ monsters)
 46349 | Lair:2   | Reached skill level 2 in Translocations
 46384 | Lair:2   | XOM: give mutations
 46384 | Lair:2   | Gained mutation: You are partially covered in icy blue scales (AC +1). [Xom's mischief]
 46384 | Lair:2   | Gained mutation: You have an increased reservoir of magic (+10% MP). [Xom's mischief]
 46407 | Lair:2   | XOM is BORED!
 46407 | Lair:2   | XOM: draining
 46470 | Lair:2   | XOM: give mutations
 46470 | Lair:2   | Lost mutation: Your body sometimes deteriorates upon taking damage. [Xom's mischief]
 46470 | Lair:2   | Lost mutation: Your flesh is very cold resistant. [Xom's mischief]
 46470 | Lair:2   | Gained mutation: Your body sometimes deteriorates upon taking damage. [Xom's mischief]
 46470 | Lair:2   | Lost mutation: Armour fits poorly on your strangely shaped body. [Xom's mischief]
 46526 | Lair:2   | XOM: 2-stop teleportation journey
 46629 | Lair:2   | XOM: give mutations
 46629 | Lair:2   | Gained mutation: You occasionally shout uncontrollably at your foes. [Xom's mischief]
 46629 | Lair:2   | Gained mutation: You are frail (-10% HP). [Xom's mischief]
 46629 | Lair:2   | Lost mutation: Your flesh is cold resistant. [Xom's mischief]
 46629 | Lair:2   | Lost mutation: Your body sometimes deteriorates upon taking damage. [Xom's mischief]
 46676 | Lair:2   | XOM: medium Trmt miscast
 46995 | Lair:2   | XOM: give mutation
 46995 | Lair:2   | Gained mutation: Your flesh is heat resistant. [Xom's grace]
 47016 | Lair:2   | XOM: vitrification
 47051 | Lair:2   | XOM: god gift: 38 gold pieces
 47104 | Lair:1   | XOM: god gift: curved jewelled staff {god gift}
 47248 | D:11     | XOM: god gift: forked silver wand {god gift}
 47530 | D:10     | XOM: mild Fire miscast
 47698 | D:10     | XOM: swap monsters
 47711 | D:10     | Reached skill level 3 in Translocations
 47754 | D:10     | XOM: silly message
 47944 | D:12     | XOM: polymorph alligator -> entropy weaver
 48045 | D:10     | Reached skill level 12 in Summonings
 48135 | D:10     | Reached skill level 4 in Translocations
 48278 | Orc:1    | XOM: harmless Necr miscast
 48336 | Orc:1    | Found a roughly hewn altar of Beogh.
 48462 | Orc:2    | Entered Level 2 of the Orcish Mines
 48682 | Orc:2    | Reached skill level 5 in Translocations
 48714 | Orc:2    | Noticed a stone giant
 48755 | Orc:2    | Killed a stone giant
 48946 | Orc:2    | XOM: noise
 49050 | Orc:1    | XOM: blink monster(s)
 49052 | Orc:1    | Found Azanatom's Gadget Shop.
 49077 | Orc:1    | XOM: potion effect (might)
 49253 | Orc:2    | XOM: divination: magic mapping
 49499 | Orc:2    | XOM: scenery: 1 fountains blood, 1 doors close
 49796 | Orc:2    | XOM: harmless Erth miscast
 49913 | Orc:2    | XOM: harmless Erth miscast
 49943 | Orc:2    | XOM: noise
 49952 | Orc:2    | XOM: give mutation
 49952 | Orc:2    | Gained mutation: You are dopey. (Int -2) [Xom's mischief]
 50097 | Orc:2    | Noticed an orc warlord
 50186 | Orc:2    | XOM: confuse monster(s)
 50216 | Orc:2    | XOM: enchant monster (good)
 50257 | Orc:2    | Killed an orc warlord
 50423 | Orc:2    | XOM: colour smoke trail
 50742 | Orc:2    | XOM: summons 4 hostile shadow creatures
 50743 | Orc:2    | Upgraded the game from 0.18-a0-1649-g8d9735b to 0.18-a0-1670-gb40d73e
 50803 | Orc:2    | XOM: 1-stop teleportation journey
 51090 | Orc:2    | XOM: enchant monster (bad)
 51108 | Orc:2    | XOM: butterfly on damage
 51117 | Orc:2    | XOM: silly message
 51141 | Orc:1    | HP: 1/66 [orc priest/divine providence (7)]
 51153 | Orc:1    | XOM: enchant monster (bad)
 51154 | Orc:1    | XOM: blink monster(s)
 51537 | Orc:2    | Found a roughly hewn altar of Beogh.
 51589 | Orc:2    | Found Jympuunn's Magic Scroll Emporium.
 51594 | Orc:2    | Bought a scroll of enchant weapon for 127 gold pieces
 51594 | Orc:2    | Bought a scroll of enchant weapon for 127 gold pieces
 51602 | Orc:2    | Found Fafaibok's Gadget Shoppe.
 52300 | Orc:2    | XOM: mild Conj miscast
 52313 | Orc:2    | Found a roughly hewn altar of Beogh.
 52396 | Orc:2    | XOM: confusion
 52429 | Orc:2    | XOM: smoke on damage
 52506 | Orc:2    | XOM: divination: magic mapping
 52634 | Orc:2    | Found Vuthradaow's Gadget Shop.
 52641 | Orc:2    | Reached skill level 13 in Summonings
 52657 | Orc:2    | Killed from afar by an orc priest

Table legend:
 A = Turns spent in this place as a percentage of turns spent in the entire game.
 B = Non-inter-level travel turns spent in this place as a percentage of non-inter-level travel turns spent in the entire game.
 C = Inter-level travel turns spent in this place as a percentage of turns spent in this place.
 D = Turns resting spent in this place as a percentage of non-inter-level travel turns spent in this place.
 E = Turns spent auto-exploring this place as a percentage of non-inter-level travel turns spent in this place.
 F = Non-inter-level travel turns spent in this place divided by the number of levels of this place that you've seen.
                   A       B       C       D       E      F
               +-------+-------+-------+-------+-------+----------------------
         Total | 100.0 | 100.0 |   0.4 |   4.7 |   3.8 | 645.6
       Dungeon |  63.2 |  63.2 |   0.5 |   5.3 |   4.0 | 757.4
          Lair |  22.0 |  22.0 |   0.4 |   3.2 |   4.1 | 461.9
  Orcish Mines |  11.2 |  11.2 |   0.1 |   5.8 |   3.6 | 942.5
     Labyrinth |   2.9 |   2.9 |   0.0 |   0.0 |   0.0 | 485.0
        Bailey |   0.7 |   0.7 |   0.0 |   0.0 |   0.0 | 116.0
               +-------+-------+-------+-------+-------+----------------------

Table legend:
 A = Kills in this place as a percentage of kills in entire the game.
 B = Kills by you in this place as a percentage of kills by you in the entire game.
 C = Kills by friends in this place as a percentage of kills by friends in the entire game.
 D = Other kills in this place as a percentage of other kills in the entire game.
 E = Experience gained in this place as a percentage of experience gained in the entire game.
 F = Experience gained in this place divided by the number of levels of this place that you have seen.
                   A       B       C       D       E      F
               +-------+-------+-------+-------+-------+----------------------
         Total | 100.0 | 100.0 | 100.0 | 100.0 | 100.0 | 3397.7
       Dungeon |  49.7 |  49.0 |  59.3 |  50.0 |  34.7 | 2191.3
          Lair |  29.8 |  30.9 |  15.3 |  25.0 |  46.2 | 5107.0
  Orcish Mines |  19.2 |  18.7 |  25.4 |  25.0 |  16.8 | 7434.0
     Labyrinth |   0.6 |   0.6 |   0.0 |   0.0 |   2.2 | 1923.0
        Bailey |   0.7 |   0.8 |   0.0 |   0.0 |   0.0 |  14.0
               +-------+-------+-------+-------+-------+----------------------

Vanquished Creatures
  A stone giant (Orc:2)
  Nessos (D:12)
  A minotaur (Lab)
  5 hydras
  A centaur warrior (D:13)
  7 death yaks
  An ogre mage (D:13)
  An orc high priest (Orc:2)
  A tengu warrior (D:13)
  3 hill giants
  A lindwurm (shapeshifter) (D:12)
  Pikel (D:7)
  4 orc knights
  An ugly thing (D:11)
  A deep elf mage (D:12)
  2 orc sorcerers (Orc:2)
  A cyclops (D:14)
  A griffon (D:13)
  9 elephants
  2 black mambas
  A centaur skeleton (D:12)
  7 spiny frogs
  A torpor snail (Lair:8)
  A kobold demonologist (D:11)
  6 komodo dragons
  A komodo dragon (shapeshifter) (D:1)
  A polar bear (Lair:2)
  A jumping spider (Lair:5)
  6 trolls
  5 two-headed ogres
  10 blink frogs
  Sigmund (D:5)
  5 redbacks
  44 yaks
  A wyvern (D:9)
  6 humans (Lair:5)
  5 hippogriffs
  2 hungry ghosts
  2 basilisks
  Edmund (D:6)
  Menkaure (D:6)
  3 vampire mosquitoes (D:13)
  6 wargs
  A hell hound (Lair:7)
  4 water moccasins
  5 ice beasts
  3 sky beasts
  35 orc warriors
  9 porcupines
  A wasp (D:6)
  A phantom (D:12)
  A slave (D:6)
  A black bear (D:11)
  A tengu (D:1)
  21 ogres
  A boggart (D:13)
  10 centaurs
  14 crocodiles
  3 big kobolds
  Blork the orc (D:5)
  19 giant frogs
  A wyvern zombie (D:11)
  A scorpion (D:4)
  19 killer bees
  12 wights
  An electric eel (D:11)
  3 howler monkeys
  A giant frog zombie (D:5)
  4 crimson imps
  6 hounds
  2 quasits
  2 gnoll shamans
  18 orc priests
  2 giant frog skeletons
  7 jellies
  22 orc wizards
  10 iguanas
  6 worker ants
  12 sheep
  A killer bee zombie (D:10)
  A hound skeleton (D:8)
  A worker ant zombie (D:10)
  A howler monkey skeleton (D:4)
  14 gnolls
  18 adders
  57 river rats
  A shadow imp (D:11)
  A giant eyeball (D:6)
  3 oozes
  An adder zombie (D:6)
  2 adder skeletons (D:2)
  6 worms
  3 dart slugs
  8 giant geckos
  120 orcs
  6 giant cockroaches
  13 goblins
  10 hobgoblins
  13 jackals
  22 kobolds
  7 quokkas
  4 ball pythons
  16 bats
  A giant cockroach zombie (D:6)
  A giant gecko skeleton (D:4)
  4 giant newts
  A jackal skeleton (D:8)
  2 quokka zombies
  12 rats
  2 fungi
  2 plants (Lair:8)
776 creatures vanquished.

Vanquished Creatures (collateral kills)
  An orc warlord (Orc:2)
  Josephine (D:12)
  A hydra (D:13)
  2 hill giants
  An orc knight (Orc:2)
  An elephant (Lair:7)
  A rime drake (D:7)
  A tengu conjurer (D:13)
  A queen bee (Lair:2)
  An efreet (D:13)
  2 two-headed ogres
  Grinder (D:5)
  6 yaks
  4 wraiths (D:12)
  A human (Lair:5)
  A hippogriff (D:9)
  A hungry ghost (D:13)
  A hell hound (D:6)
  5 orc warriors (Orc:2)
  3 boggarts (D:13)
  An ogre (Orc:2)
  A sky beast (D:9)
  A big kobold (D:7)
  A giant frog (D:9)
  A wyvern zombie (D:13)
  3 killer bees (Lair:2)
  A crimson imp (D:9)
  A hound (D:13)
  An orc wizard (Orc:2)
  A sheep (Lair:5)
  2 gnolls (Orc:1)
  A shadow imp (D:9)
  4 orcs (Orc:2)
  A jackal (Lair:5)
  2 kobolds (D:7)
  A rat (D:2)
  3 fungi (Lair:7)
62 creatures vanquished.

Vanquished Creatures (others)
  2 dancing weapons
  A blink frog (Lair:6)
  A human (Lair:5)
  An orc warrior (Orc:2)
  A slave (D:7)
  A sky beast (D:11)
  A centaur (D:7)
  A giant frog (Lair:6)
  3 killer bees (Lair:2)
  An orc (Orc:1)
  4 kobolds (D:7)
  11 fungi
  14 plants
42 creatures vanquished.

Grand Total: 880 creatures vanquished
